 Dungeon Crawl Stone Soup version 0.28.0-53-g5a82cb258f (webtiles) character file.

Game seed: 8283231361265622451

60 ZappyNine the Grasshopper (level 4, 0/38 HPs)
             Began as a Gnoll Warper on May 23, 2022.
             Splashed by a jelly's acid (4 damage)
             ... on level 2 of the Dungeon.
             The game lasted 00:02:01 (1911 turns).

ZappyNine the Grasshopper (Gnoll Warper)            Turns: 1911, Time: 00:02:02

Health: 0/38       AC:  0    Str: 13    XL:     4   Next: 4%
Magic:  2/11       EV: 12    Int: 12    God:
Gold:   39         SH:  0    Dex: 11    Spells: 8/13 levels left

rFire   . . .      SeeInvis .   a - +0 mace
rCold   . . .      Faith    .   (no shield)
rNeg    . . .      Spirit   .   b - +0 leather armour
rPois   .          Reflect  .   (no helmet)
rElec   .          Harm     .   (no cloak)
rCorr   .          Rampage  .   (no gloves)
Will    .....                   (no boots)
Stlth   +.........              (no amulet)
HPRegen 0.12/turn               (no ring)
MPRegen 0.12/turn               (no ring)

@: corroded
A: fangs 1, strong nose, distributed training
a: no special abilities


You were on level 2 of the Dungeon.
You visited 1 branch of the dungeon, and saw 2 of its levels.

You collected 39 gold pieces.

Inventory:

Hand Weapons
 a - a +0 mace (weapon)
Missiles
 d - 5 boomerangs of dispersal (quivered)
 f - 2 throwing nets
Armour
 b - a +0 leather armour (worn)
Scrolls
 c - 2 scrolls of blinking
 g - 3 scrolls of identify {unknown}
 h - 2 scrolls of noise {unknown}
 i - a scroll of teleportation {unknown}
Potions
 e - 4 potions of attraction {unknown}


   Skills:
 + Level 4.6 Fighting
 + Level 1.0 Short Blades
 + Level 1.0 Long Blades
 + Level 1.0 Axes
 + Level 4.6 Maces & Flails
 + Level 1.0 Polearms
 + Level 1.0 Staves
 + Level 1.0 Slings
 + Level 1.0 Bows
 + Level 1.0 Crossbows
 + Level 2.7 Throwing
 + Level 2.7 Armour
 + Level 4.6 Dodging
 + Level 1.0 Stealth
 + Level 1.0 Shields
 + Level 1.0 Unarmed Combat
 + Level 5.0 Spellcasting
 + Level 0.7 Conjurations
 + Level 0.7 Hexes
 + Level 0.7 Summonings
 + Level 0.7 Necromancy
 + Level 5.4 Translocations
 + Level 0.7 Transmutations
 + Level 0.7 Fire Magic
 + Level 0.7 Ice Magic
 + Level 0.7 Air Magic
 + Level 0.7 Earth Magic
 + Level 0.7 Poison Magic
 + Level 1.1 Invocations
 + Level 1.0 Evocations


You had 8 spell levels left.
You knew the following spells:

 Your Spells              Type           Power      Damage    Failure   Level
a - Blink                 Tloc           32%        N/A       4%          2
b - Gell's Gravitas       Tloc           16%        N/A       9%          3

Your spell library contained the following spells:

 Spells                   Type           Power      Damage    Failure   Level
 Apportation              Tloc           32%        N/A       2%          1
 Lesser Beckoning         Tloc           16%        N/A       9%          3
 Teleport Other           Tloc           16%        N/A       9%          3
 Manifold Assault         Tloc           16%        N/A       58%         5


Dungeon Overview and Level Annotations

Branches:
Dungeon (2/15)

Altars:


Innate Abilities, Weirdness & Mutations

You have very sharp teeth.
Your uncanny sense of smell can sniff out nearby items.
Your experience applies equally to all skills.


Message History

You hit the adder.
The adder is heavily wounded.
You feel sick. The adder bites you.
You are more poisoned.
The adder poisons you!
You barely miss the adder.
The adder is heavily wounded.
You feel sick. The adder barely misses you.
The jelly jiggles.
The adder misses you.
You hit the adder.
The adder is severely wounded.
You feel sick. The adder bites you.
You closely miss the adder.
The adder is severely wounded.
You feel sick. The adder misses you. The adder closely misses you.
You feel sick.
You feel sick.
You are no longer poisoned.
The adder bites you.
Casting: Gell's Gravitas (dangerous; 9% risk of failure)
Confirm with . or Enter, or press ? or * to list all spells.
Aiming: Gell's Gravitas (dangerous; 9% risk of failure)
Press: ? - help, Dir - move target, f - adder
Aim: an adder (severely wounded) Gravity reorients around the adder.
The jelly collides with the adder!
The adder is almost dead.
The jelly is lightly wounded.
The jelly hits you but does no damage.
You hit the jelly.
Your hands burn!
* * * LOW HITPOINT WARNING * * *
You bite the jelly.
The jelly is heavily wounded.
The jelly hits you.
* * * LOW HITPOINT WARNING * * *
The acid corrodes you!
You are splashed with acid!
* * * LOW HITPOINT WARNING * * *
Unknown command.
You hit the jelly.
Your hands burn!
You die...

######.#....#..# #.# ..
..#.######..# #.#
..##.#......#..# #.#
....#..###.#.>. #.#
#..#....#.#.### #.#
..#..##.#...#.# #####.#
..........###.# #.....#
######........####.#####
#..#.....SJ@..#
#..############ #..#
#... ##.## #.# #.#


You could see a jelly and an adder.

Vanquished Creatures
  Jessica (D:2)
  5 endoplasms
  A hobgoblin (D:1)
  3 quokkas
  3 ball pythons
  4 bats
  2 frilled lizards (D:1)
  6 goblins
  4 kobolds
  5 rats
34 creatures vanquished.

Notes
Turn   | Place    | Note
-------+----------+-------------------------------------------
     0 | D:1      | ZappyNine the Gnoll Warper began the quest for the Orb.
     0 | D:1      | Reached XP level 1. HP: 20/20 MP: 6/6
   146 | D:1      | Reached XP level 2. HP: 11/26 MP: 7/7
   325 | D:1      | Learned a level 2 spell: Blink
   683 | D:1      | Found a faded altar of an unknown god.
   691 | D:1      | Got Plato's Compendium of Orientation
  1484 | D:2      | Reached XP level 3. HP: 28/31 MP: 9/9
  1541 | D:2      | Reached skill level 5 in Spellcasting
  1633 | D:2      | Noticed Jessica
  1642 | D:2      | Killed Jessica
  1643 | D:2      | Reached skill level 1 in Short Blades
  1643 | D:2      | Reached skill level 1 in Long Blades
  1643 | D:2      | Reached skill level 1 in Axes
  1643 | D:2      | Reached skill level 1 in Polearms
  1643 | D:2      | Reached skill level 1 in Staves
  1643 | D:2      | Reached skill level 1 in Slings
  1643 | D:2      | Reached skill level 1 in Bows
  1643 | D:2      | Reached skill level 1 in Crossbows
  1643 | D:2      | Reached skill level 1 in Stealth
  1643 | D:2      | Reached skill level 1 in Shields
  1643 | D:2      | Reached skill level 1 in Unarmed Combat
  1643 | D:2      | Reached skill level 1 in Invocations
  1643 | D:2      | Reached skill level 1 in Evocations
  1787 | D:2      | Reached XP level 4. HP: 38/38 MP: 11/11
  1791 | D:2      | Learned a level 3 spell: Gell's Gravitas
  1911 | D:2      | Splashed by a jelly's acid

Illustrated notes

Levels and vault maps discovered:
D:1:      dpeg_arrival_subterranean_lakeside_camping, layout_basic,
          shapermc_ecumenical_altar_rom_forum, minmay_small_reverse_x
D:2:      minmay_chambers_of_twos, layout_basic, kennysheep_generic_room_15,
          uniq_natasha, uniq_jessica, uniq_crazy_yiuf_cottage

Skill      XL: |  1  2  3 |
---------------+----------+-----
Spellcasting   | 5 |  5.0
Short Blades   | 1 |  1.0
Long Blades    | 1 |  1.0
Axes           | 1 |  1.0
Polearms       | 1 |  1.0
Staves         | 1 |  1.0
Slings         | 1 |  1.0
Bows           | 1 |  1.0
Crossbows      | 1 |  1.0
Stealth        | 1 |  1.0
Shields        | 1 |  1.0
Unarmed Combat | 1 |  1.0
Invocations    | 1 |  1.1
Evocations     | 1 |  1.0
Fighting       | |  4.6
Maces & Flails | |  4.6
Throwing       | |  2.7
Armour         | |  2.7
Dodging        | |  4.6
Conjurations   | |  0.7
Hexes          | |  0.7
Summonings     | |  0.7
Necromancy     | |  0.7
Translocations | |  5.4
Transmutations | |  0.7
Fire Magic     | |  0.7
Ice Magic      | |  0.7
Air Magic      | |  0.7
Earth Magic    | |  0.7
Poison Magic   | |  0.7

Action                   |  1- 3 |  4- 6 || total
-------------------------+-------+-------++-------
Melee: Mace              |    82 |    14 ||    96
       Bite              |     7 |     3 ||    10
       Punch             |     2 |       ||     2
 Cast: Gell's Gravitas   |       |     3 ||     3
 Stab: Sleeping          |     1 |       ||     1
Armor: Leather armour    |    30 |     4 ||    34
Dodge: Dodged            |    69 |    10 ||    79
